 Dungeon Crawl Stone Soup version 0.29.1-2-gbd0b4ee654 (webtiles) character file.

Game seed: 3550757300333657011

619346 Ivernyr the Sorcerer (level 27, -17/211 HPs)
             Began as a Djinni Ice Elementalist on Oct 19, 2022.
             Was a High Priest of Elyvilon.
             Demolished by a mummy priest (18 damage)
             ... on level 3 of the Tomb of the Ancients on Oct 28, 2022.
             The game lasted 08:24:40 (66501 turns).

Ivernyr the Sorcerer (Djinni Ice Elementalist)     Turns: 66501, Time: 08:24:41

Health: -17/211    AC: 21    Str:  7      XL:     27
Gold:   7332       EV: 16    Int: 38      God:    Elyvilon [*****.] SH: 35 Dex: 15 (16)

rFire   + + .      SeeInvis +   J - +8 broad axe "Nisoc" {vorpal, Dex+5 Stlth-}
rCold   + + +      Faith    .   T - +10 tower shield of Ignorance {rN+ Int-4}
rNeg    + + +      Spirit   .   L - +4 troll leather armour
rPois   ∞          Reflect  +   E - +0 helmet of Zin's Anger {+Blink rN+ Dex-3 SInv}
rElec   +          Harm     .   m - +2 cloak
rCorr   .          Rampage  .   I - +2 pair of gloves {Stlth+}
Will    ++...                   (boots unavailable)
Stlth   ++........              h - amulet of Attitude {Reflect rElec rC++ Regen+ SH+5}
HPRegen 2.05/turn               N - ring "Coly" {rN+ Int+7}
MPRegen 0.00/turn               X - ring of Ymetac {Wiz rF- rC++ Int+4 SInv}

@: about to teleport, flying, slowed, studying Armour, very slow
A: sickness immunity, fire resistance 3, cold vulnerability 1, float, innate
caster, HP casting, extra vitality 1
}: 4/15 runes: barnacled, slimy, silver, gossamer
a: Renounce Religion, Evoke Blink, Purification, Heal Other, Heal Self, Divine
Vigour


You were on level 3 of the Tomb of the Ancients.
You worshipped Elyvilon.
Elyvilon was extremely pleased with you.
You visited 11 branches of the dungeon, and saw 53 of its levels.
You visited the Abyss 1 time.

You collected 9477 gold pieces.
You spent 2145 gold pieces at shops.

Inventory:

Hand Weapons
 J - the +8 broad axe "Nisoc" (weapon) {vorpal, Dex+5 Stlth-}
   (You found it on level 9 of the Dungeon)

   It inflicts extra damage upon your enemies.
   Dex:       It affects your dexterity (+5).
   Stlth:     It makes you less stealthy.
Armour
 m - a +2 cloak (worn)
 E - the +0 helmet of Zin's Anger (worn) {+Blink rN+ Dex-3 SInv}
   (You acquired it on level 1 of the Elven Halls)

   Dex:       It affects your dexterity (-3).
   rN:        It protects you from negative energy.
   SInv:      It lets you see invisible.
   +Blink:    It lets you blink.
 I - a +2 pair of gloves of stealth (worn)
 L - a +4 troll leather armour (worn)
 M - the +8 chain mail of a wizard's laboratory {Dex+2}
   (You found it on level 9 of the Dungeon)

   Dex:       It affects your dexterity (+2).
 T - the +10 tower shield of Ignorance (worn) {rN+ Int-4}
   (You found it on level 1 of the Depths)

   Int:       It affects your intelligence (-4).
   rN:        It protects you from negative energy.
Jewellery
 h - the amulet of Attitude (around neck) {Reflect rElec rC++ Regen+ SH+5}
   (You took it off a deep elf sorcerer on level 3 of the Elven Halls)

   [amulet of reflection]

   It reflects blocked missile attacks.
   rC:        It greatly protects you from cold.
   rElec:     It insulates you from electricity.
   Regen:     It increases your rate of health regeneration.
   SH:        It affects your SH (+5).
 j - the ring of Vanyrres {rElec rF+ rC+ Dex+4}
   (You acquired it on level 13 of the Dungeon)

   [ring of protection from cold]

   Dex:       It affects your dexterity (+4).
   rF:        It protects you from fire.
   rC:        It protects you from cold.
   rElec:     It insulates you from electricity.
 N - the ring "Coly" (left hand) {rN+ Int+7}
   (You found it on level 3 of the Crypt)

   [ring of positive energy]

   Int:       It affects your intelligence (+7).
   rN:        It protects you from negative energy.
 W - the ring "Mabol" {Ice rCorr Dex+2}
   (You took it off Josephina on level 1 of the Crypt)

   [ring of ice]

   It enhances your ice magic.
   Dex:       It affects your dexterity (+2).
   rF:        It makes you vulnerable to fire.
   rC:        It protects you from cold.
   rCorr:     It protects you from acid and corrosion.
 X - the ring of Ymetac (right hand) {Wiz rF- rC++ Int+4 SInv}
   (You found it on level 2 of the Depths)

   [ring of wizardry]

   It improves your spell success rate.
   Int:       It affects your intelligence (+4).
   rF:        It makes you vulnerable to fire.
   rC:        It greatly protects you from cold.
   SInv:      It lets you see invisible.
Scrolls
 b - 15 scrolls of enchant weapon
 e - 11 scrolls of immolation
 g - 2 scrolls of silence
 i - 11 scrolls of fear
 l - 31 scrolls of identify
 p - 2 scrolls of summoning
 u - 2 scrolls of enchant armour
 w - 6 scrolls of butterflies
 x - a scroll of teleportation
 y - 7 scrolls of magic mapping
 A - 8 scrolls of poison
 S - 3 scrolls of brand weapon
 V - 10 scrolls of vulnerability
Potions
 c - 10 potions of attraction
 d - 10 potions of cancellation
 f - 6 potions of heal wounds
 k - 27 potions of curing
 n - 12 potions of berserk rage
 q - 6 potions of lignification
 s - 9 potions of brilliance
 z - 9 potions of ambrosia
 B - 6 potions of invisibility
 D - 4 potions of haste
 F - 5 potions of might
 G - a potion of resistance
 H - 3 potions of mutation


   Skills:
 + Level 22.1 Fighting
 + Level 21.3 Armour
 - Level 13.4 Dodging
 - Level 1.5 Stealth
 + Level 17.5 Shields
 * Level 24.1 Spellcasting
 - Level 14.2 Invocations
 - Level 13.0 Evocations


You couldn't memorise any spells.
You knew the following spells:

 Your Spells              Type           Power      Damage    Failure   Level
a - Freeze                Ice            100%       1d11      0%          1
b - Frozen Ramparts       Ice            100%       1d16      0%          3
c - Ozocubu's Armour      Ice            100%       N/A       0%          3
d - Hailstorm             Conj/Ice       100%       3d20      0%          4
e - Shock                 Conj/Air       100%       1d9       0%          1
f - Static Discharge      Conj/Air       100%       3-16/arc  0%          2
g - Call Canine Familiar  Summ           100%       N/A       0%          3
h - Vampiric Draining     Necr           100%       2d13      0%          3
i - Iskenderun's Battles  Conj           100%       2d15      0%          5
j - Alistair's Intoxicat  Tmut/Pois      82%        N/A       0%          5
k - Conjure Ball Lightni  Conj/Air       62%        3x3d22    0%          6
l - Orb of Destruction    Conj           62%        9d15      1%          7
m - Death Channel         Necr           62%        N/A       0%          6
n - Borgnjor's Revivific  Necr           62%        N/A       1%          8
o - Lehudib's Crystal Sp  Conj/Erth      62%        10d14     1%          8
p - Fire Storm            Conj/Fire      62%        8d16      3%          9
q - Chain Lightning       Conj/Air       62%        3d82      3%          9
Your spell library was empty.

Dungeon Overview and Level Annotations

Branches:
Dungeon (15/15)            Temple (0/1) D:4            Lair (5/5) D:10
 Shoals (4/4) Lair:3       Spider (4/4) Lair:3        Slime (5/5) Lair:4
    Orc (2/2) D:10            Elf (3/3) Orc:2        Vaults (5/5) D:13
  Crypt (3/3) Vaults:2       Tomb (3/3) Crypt:3      Depths (4/4) D:15
    Zot (0/5) Depths:4

Altars:
Cheibriados
Elyvilon
Fedhas
Makhleb
Nemelex Xobeh
Qazlal
Ru
Trog
Uskayaw
The Shining One

Shops:
D:1 !   D:13 *   D:14 *   D:15 [   Orc:2 :(*[   Elf:1 [   Elf:2 (   Elf:3 (?
Vaults:2 *   Vaults:3 :   Vaults:5 [   Depths:4 [

Portals:
Hell: Lair:5 Depths:1 Depths:2 Depths:3 Depths:4
Abyss: Depths:1 Depths:2 Depths:3
Pandemonium: Depths:2 Depths:4
Ziggurat: Depths:1

Annotations:
D:3 2 transporters, rubinsalamander's ghost, amateur OgCA
D:9 3 runed translucent doors, rlgrobin's ghost, novice NaFE


Innate Abilities, Weirdness & Mutations

You are immune to sickness and miasma.
You are immune to poison.
Your flesh is almost immune to the effects of heat. (rF+++)
You are vulnerable to cold. (rC-)
You float through the air rather than walking.
You learn spells naturally, not from books.
Your magical power is your life essence.
You have superior vitality. (+4 MHP)


Message History

The royal mummy fails to trigger a net trap.
You block the death scarab's attack.
Okay, then.
As you read the scroll of teleportation, it crumbles to dust.
You feel strangely unstable. You block the death scarab's attack. x3
The death scarab bites you!
* * * LOW HITPOINT WARNING * * *
The death scarab drains your vigour!
You feel as though you will be slow longer.
The death scarab waves its antennae.
The death scarab misses you. You block the death scarab's attack.
The ushabti shakes and rattles deafeningly!
The mummy priest calls on the powers of darkness!
The emperor scorpion convulses! x5; Your body is wracked with pain!
* * * LOW HITPOINT WARNING * * *
The mummy priest prays to its god.
You hear a loud "Zot"!
The mummy priest mumbles some strange prayers to its god against you.
Something smites you!
* * * LOW HITPOINT WARNING * * *
The death scarab misses you.
You hear a hideous shriek!
You feel much better. You block the death scarab's attack. x2
The death scarab bites you!
* * * LOW HITPOINT WARNING * * *
The death scarab drains your vigour!
You feel as though you will be slow longer.
The harpy simulacrum fails to trigger a net trap.
You block the death scarab's attack.
The emperor scorpion fails to trigger a net trap.
You hear a loud "Zot"!
The jiangshi closely misses you. You block the jiangshi's attack.
The death scarab bites you!
* * * LOW HITPOINT WARNING * * *
The guardian mummy hits you! Elyvilon protects you from harm!
The jiangshi claws you.
* * * LOW HITPOINT WARNING * * *
You block the jiangshi's attack. The mummy priest hits you!!
You die...

*,,* **,,,,,,,,,* *.MM4......#
*,,* *.........##*...z......#
*,,* *#.......^.#...M......##
*,,** #.^.......#...,,,,,,,*
*,,,******#............,,,,,,***
**,,,,,,**#............,,,,,,***
**,,,,,,*#....B.^B....,,,,,,**,
***##+####.ZM.s9M....,,,,,**##
###..$.##.BV@BM.....,,,,,*#..
##$......##.MsMMB....,,,,##...
#}........##..s.Zn9..^,,##....
##$......^.<##.W.s....,,##<†.^.
#$$....zzB...##..M...[,##†)B^..
#:$$.zzzBBB...##.M.s..*#.MM....
#$$$$Bz.BzBM..##M.MWM.##Mz.....
#$$$$BzzzM44...#M.9MM†#........
#$}$$BzBWzMMM..#......#........


You could see 2 royal mummies, 5 emperor scorpions, 5 mummy priests, a jiangshi
(summoned), a shadow wraith (summoned, invisible), 5 guardian mummies, 3
ushabtiu, a freezing wraith (summoned), 5 death scarabs, a necrophage
(summoned), 2 mummies, a quicksilver dragon simulacrum (summoned) and a harpy
simulacrum (summoned).

Vanquished Creatures
  the Royal Jelly (Slime:5)
  3 dread liches
  3 ancient liches
  Mara (Depths:2)
  A juggernaut (Depths:1)
  Josephina (Crypt:1)
  Boris (twice) (Crypt:2 Crypt:3)
  6 royal mummies
  Margery (Vaults:2)
  Frederick (Vaults:2)
  Bai Suzhen (Vaults:4)
  2 golden dragons (Depths:1)
  Arachne (Spider:2)
  Nikola (Spider:3)
  2 bone dragons
  Rupert (Lair:5)
  4 tentacled monstrosities
  Zenata (Vaults:2)
  Mlioglotl (Shoals:1)
  7 liches
  A walking divine tome (Depths:1)
  4 titans
  3 deep elf blademasters
  16 acid blobs
  2 deep elf master archers (Elf:3)
  A tentacled starspawn (Abyss:2)
  A quicksilver dragon (Vaults:4)
  Polyphemus (Shoals:2)
  2 krakens
  13 sphinxes
  Frances (D:14)
  4 ancient champions
  Agnes (D:14)
  Donald (Crypt:1)
  5 storm dragons
  Kirke (D:14)
  10 azure jellies
  10 tengu reavers
  5 revenants
  A draconian monk (Depths:4)
  7 shadow dragons
  6 fire giants
  11 rockslimes
  7 emperor scorpions (Spider:4)
  Ilsuiw (Shoals:2)
  An iron dragon (Depths:3)
  3 deep elf sorcerers (Elf:3)
  6 ghost moths
  16 frost giants
  A balrug (Depths:1)
  An orc warlord (Orc:2)
  A draconian stormcaller (Depths:4)
  Louise (Shoals:1)
  12 vault wardens
  2 deep elf elementalists (Elf:3)
  2 curse skulls
  2 ghouls (Crypt:2)
  A spriggan defender (Depths:2)
  6 war gargoyles
  5 quicksilver oozes
  3 reapers
  30 very ugly things
  8 ironbound thunderhulks
  6 vampire knights
  20 ironbound preservers
  2 caustic shrike skeletons
  4 bennus
  13 stone giants
  4 entropy weavers
  8 dire elephants
  A green draconian (Depths:4)
  6 deep elf demonologists
  A spark wasp (Depths:1)
  A deep elf annihilator (Elf:3)
  Azrael (D:13)
  A purple draconian (Depths:4)
  A red draconian (Depths:4)
  A yellow draconian (Depths:4)
  3 blizzard demons (Depths:1)
  4 eidola
  7 jiangshi
  6 merfolk impalers
  10 fire dragons
  2 crystal guardians (Vaults:1)
  A deep elf death mage (Elf:3)
  5 merfolk javelineers
  18 mummy priests
  14 ettins
  8 great orbs of eyes
  A quicksilver dragon zombie (Tomb:1)
  5 rakshasas
  38 vault guards
  5 deep elf high priests
  14 yaktaur captains
  12 ice dragons
  7 spriggan air magi
  4 merfolk avatars
  4 ogre magi (Vaults:4)
  2 jorogumos
  2 peacekeepers (Vaults:1)
  10 centaur warriors
  15 boulder beetles
  7 hydras
  A death knight (Crypt:2)
  An alligator snapping turtle (Shoals:3)
  2 radroaches
  8 ironbound frosthearts
  24 dancing weapons
  A fenstrider witch skeleton (Crypt:3)
  4 merfolk aquamancers
  2 catoblepae
  62 death scarabs
  5 tengu warriors
  2 vampire magi
  2 satyrs (Shoals:3)
  2 deep troll shamans (Depths:3)
  6 two-headed ogres
  14 death yaks
  2 deep troll earth magi (Depths:3)
  A storm dragon zombie (Crypt:3)
  A shock serpent (shapeshifter) (Depths:2)
  A soul eater (Depths:1)
  6 orc high priests
  5 sun demons
  10 spriggan berserkers
  3 spriggans (Depths:2)
  2 titan zombies (Crypt:1)
  18 deep elf knights
  5 wretched stars (Abyss:2)
  12 hell knights
  2 iron trolls (Depths:3)
  Lodul (D:13)
  A sun moth (Spider:2)
  4 sixfirhies
  26 skeletal warriors
  A storm dragon skeleton (Crypt:2)
  10 pharaoh ants
  3 shadow wraiths
  12 sea snakes
  11 steelbarb worms
  2 glowing orange brains
  56 deep trolls
  An anaconda zombie (Crypt:2)
  A spriggan simulacrum (Crypt:1)
  2 flayed ghosts (Crypt:2)
  13 orb spiders
  8 wizards
  8 phantasmal warriors
  14 deep elf archers
  A tengu zombie (Vaults:4)
  24 harpies
  4 lindwurms
  An anaconda skeleton (Crypt:3)
  30 deep elf pyromancers
  A lindwurm (shapeshifter) (Depths:1)
  An obsidian statue (Depths:1)
  5 orc knights
  2 wolf spider zombies
  7 necromancers
  32 ugly things
  A stone giant zombie (Crypt:1)
  25 deep elf zephyrmancers
  16 ironbound convokers
  15 fauns
  A faun (shapeshifter) (Vaults:4)
  2 worldbinders (Vaults:4)
  A shining eye (shapeshifter) (Depths:2)
  20 wolf spiders
  7 cyclopes
  7 orc sorcerers
  A sphinx zombie (Crypt:2)
  2 shining eyes
  3 iron dragon zombies
  A moth of wrath (shapeshifter) (D:14)
  4 moths of wrath
  11 manticores
  A naga zombie (Abyss:2)
  3 stone giant skeletons
  A human skeleton (Vaults:4)
  4 black mambas
  12 elephants
  10 fire giant skeletons (Crypt:3)
  An apocalypse crab (Abyss:2)
  15 vault sentinels
  3 naga magi
  3 orange demons
  A centaur zombie (Crypt:3)
  3 eyes of devastation (Slime:5)
  A frost giant skeleton (Depths:2)
  10 merfolk sirens
  A cane toad (shapeshifter) (Elf:1)
  6 torpor snails
  8 demonic crawlers
  An unseen horror (D:13)
  13 water nymphs
  7 gargoyles
  5 smoke demons
  2 dire elephant skeletons (Crypt:3)
  12 cane toads
  An elephant slug zombie (Crypt:2)
  26 yaktaurs
  5 kobold demonologists
  3 rime drakes (Lair:5)
  4 freezing wraiths
  A bunyip simulacrum (Crypt:1)
  A tormentor (Depths:1)
  2 efreet
  3 ice devils
  2 tengu conjurers
  6 komodo dragons
  2 hellwings (Depths:1)
  2 merfolk (shapeshifter)
  2 ancient zymes (Abyss:2)
  A harpy zombie (Crypt:3)
  2 polar bears (Lair:3)
  43 guardian mummies
  3 spriggan skeletons
  A yaktaur skeleton (Vaults:4)
  A queen bee (shapeshifter) (Elf:2)
  31 merfolk
  2 red devils (Lair:5)
  A meliai (shapeshifter) (Abyss:2)
  33 tarantellas
  8 wind drakes
  8 trolls
  A wolf spider simulacrum (D:14)
  A harpy skeleton (Crypt:3)
  107 slime creatures
  A slime creature (shapeshifter) (D:15)
  3 meliai (D:15)
  8 hornets
  13 blink frogs
  4 snapping turtles
  27 dream sheep
  37 flying skulls
  3 large abominations (Abyss:2)
  2 air elementals
  15 jumping spiders
  2 human simulacra
  6 fire dragon skeletons (Crypt:3)
  5 starcursed masses (Abyss:2)
  3 vampires
  31 culicivoras
  A spriggan (shapeshifter) (Vaults:5)
  2 small abominations (Abyss:2)
  7 water elementals
  An ettin skeleton (Tomb:2)
  12 wraiths
  5 shadows
  3 hogs
  15 golden eyes
  7 wyverns
  87 yaks
  8 ushabtiu
  7 basilisks
  3 neqoxecs
  6 vampire mosquitoes
  55 redbacks
  A chaos spawn (Depths:4)
  4 steam dragons
  3 fire elementals
  4 wargs
  A harpy simulacrum (Tomb:3)
  An acid dragon (D:9)
  21 water moccasins
  5 hell hounds
  4 floating eyes
  A meliai simulacrum (D:15)
  2 naga skeletons
  30 orc warriors
  A glowing shapeshifter skeleton (Depths:2)
  A hornet zombie (D:15)
  4 ice beasts
  4 black bears
  2 black mamba simulacra (Crypt:1)
  3 boggarts
  18 ogres
  5 wolves (Lair:5)
  17 centaurs
  A dream sheep skeleton (Crypt:1)
  11 kobold brigands
  A vine stalker zombie (Crypt:2)
  16 bullfrogs
  6 gnoll sergeants
  3 earth elementals
  3 necrophages
  6 scorpions
  A naga simulacrum (Tomb:1)
  17 wights
  A shapeshifter zombie (Crypt:1)
  7 killer bees
  A vampire bat (Vaults:4)
  An electric eel (Elf:3)
  3 howler monkeys
  2 hounds (D:6)
  A quasit (Abyss:2)
  A wolf skeleton (Crypt:2)
  3 jellies
  22 orc priests
  4 centaur skeletons
  Terence (D:3)
  10 hell rats
  5 iguanas
  35 orc wizards
  60 mummies
  Robin (D:2)
  17 gnolls
  4 adders
  A shadow imp (D:5)
  4 white imps
  2 ufetubi
  An adder skeleton (Crypt:2)
  2 worms (Lair:3)
  5 dart slugs
  104 orcs
  5 ball pythons
  4 bats
  3 endoplasms
  5 giant cockroaches
  15 goblins
  7 hobgoblins
  20 kobolds
  A quokka (D:3)
  2 frilled lizards
  A quokka skeleton (Crypt:1)
  2 rats (D:1)
  3 ball lightnings
  2 fire vortices
  A starspawn tentacle (Abyss:2)
  6 tentacles
2511 creatures vanquished.

Vanquished Creatures (collateral kills)
  A royal mummy (Tomb:3)
  Jorgrun (D:10)
  A spriggan defender (Depths:2)
  A hydra (Lair:3)
  A dancing weapon (Elf:1)
  3 skeletal warriors
  A deep elf zephyrmancer (D:9)
  A deep elf pyromancer (D:13)
  An orc sorcerer (D:9)
  A cyclops (D:13)
  A water nymph (shapeshifter) (D:14)
  A cane toad (Lair:3)
  2 yaktaurs (D:15)
  A komodo dragon (Lair:3)
  3 rime drakes
  A wolf spider simulacrum (D:15)
  A troll (D:9)
  A polar bear (Lair:1)
  2 slime creatures
  A hornet (Lair:3)
  A vampire (D:11)
  A shadow (D:9)
  2 yaks
  2 wargs (D:10)
  A water moccasin (Lair:3)
  A hell hound (Lair:5)
  An orc warrior (D:9)
  A black bear (Lair:3)
  A bullfrog (D:9)
  A scorpion (Lair:3)
  A howler monkey (D:9)
  An orc priest (D:9)
  2 mummies
  A kobold (D:11)
  17 ball lightnings
60 creatures vanquished.

Vanquished Creatures (others)
  A lich (Vaults:4)
  A sixfirhy (Abyss:2)
  A manticore (Shoals:1)
  An elephant (Lair:5)
  A culicivora (Spider:2)
  4 yaks
  A human (D:14)
  An orc warrior (Orc:2)
  A howler monkey (D:9)
  An electric eel (Elf:3)
  An orc wizard (Orc:1)
  379 ball lightnings
  68 fire vortices
  45 fungi
  138 plants
  A starspawn tentacle (Abyss:2)
  14 tentacles
  32 withered plants (Crypt:3)
691 creatures vanquished.

Grand Total: 3262 creatures vanquished

Notes
Turn   | Place    | Note
-------+----------+-------------------------------------------
     0 | D:1      | Ivernyr the Djinni Ice Elementalist began the quest for the
                  | Orb.
     0 | D:1      | Ivernyr set off with the following spells memorised:
                  | Freeze, Frozen Ramparts, Ozocubu's Armour, Hailstorm.
     0 | D:1      | Reached XP level 1. HP: 15/15 MP: 0/0
   296 | D:1      | Found a faded altar of an unknown god.
   372 | D:1      | Reached XP level 2. HP: 21/22 MP: 0/0
   387 | D:1      | Found Pedow's Distillery.
   556 | D:1      | Reached skill level 1 in Fighting
   556 | D:1      | Reached XP level 3. HP: 10/27 MP: 0/0
   556 | D:1      | Learned a level 1 spell: Shock
  1657 | D:2      | Reached XP level 4. HP: 18/32 MP: 0/0
  1799 | D:2      | Noticed Robin
  1808 | D:2      | Killed Robin
  2103 | D:3      | Found a transporter.
  2168 | D:3      | Reached skill level 4 in Spellcasting
  2168 | D:3      | Reached XP level 5. HP: 12/38 MP: 0/0
  2168 | D:3      | Learned a level 2 spell: Static Discharge
  2589 | D:3      | Noticed Terence
  2597 | D:3      | Killed Terence
  2598 | D:3      | Reached XP level 6. HP: 33/44 MP: 0/0
  2747 | D:3      | Found a transporter.
  2750 | D:3      | Noticed rubinsalamander's ghost (amateur OgCA)
  2948 | D:3      | Found a white marble altar of Elyvilon.
  3032 | D:3      | Became a worshipper of Elyvilon the Healer
  3627 | D:4      | Found a staircase to the Ecumenical Temple.
  3646 | D:4      | Noticed an ogre
  3662 | D:4      | Killed an ogre
  3663 | D:4      | Reached XP level 7. HP: 25/50 MP: 0/0
  3663 | D:4      | Learned a level 3 spell: Call Canine Familiar
  3843 | D:4      | Found a sparkling altar of Nemelex Xobeh.
  3843 | D:4      | Found a burning altar of Makhleb.
  4088 | D:4      | Reached skill level 5 in Spellcasting
  4170 | D:4      | Reached * piety under Elyvilon
  4328 | D:5      | Entered Level 5 of the Dungeon
  4538 | D:5      | Noticed a wyvern
  4550 | D:5      | Killed a wyvern
  4551 | D:5      | Reached skill level 5 in Dodging
  4551 | D:5      | Reached XP level 8. HP: 32/58 MP: 0/0
  5184 | D:5      | Reached skill level 6 in Spellcasting
  5282 | D:5      | Reached ** piety under Elyvilon
  5355 | D:5      | Found a hide-covered altar of Uskayaw.
  5869 | D:6      | Reached skill level 1 in Invocations
  5903 | D:6      | Reached XP level 9. HP: 51/64 MP: 0/0
  5903 | D:6      | Learned a level 3 spell: Vampiric Draining
  6014 | D:6      | Reached skill level 5 in Fighting
  6896 | D:6      | Reached skill level 7 in Spellcasting
  6940 | D:7      | Noticed a kobold demonologist
  7469 | D:6      | Killed a kobold demonologist
  7618 | D:7      | Reached *** piety under Elyvilon
  7705 | D:6      | Reached XP level 10. HP: 32/72 MP: 0/0
  8629 | D:7      | Found a blossoming altar of Fedhas.
  8771 | D:8      | Found a stormy altar of Qazlal.
  8944 | D:8      | Reached **** piety under Elyvilon
  9383 | D:8      | Reached skill level 8 in Spellcasting
 10357 | D:9      | Found a glowing golden altar of the Shining One.
 10798 | D:9      | Found a sacrificial altar of Ru.
 10815 | D:9      | Reached skill level 5 in Invocations
 11486 | D:9      | Found a snail-covered altar of Cheibriados.
 11807 | D:9      | Found a runed translucent gate.
 11807 | D:9      | Found a runed translucent gate.
 11809 | D:9      | Found a runed translucent gate.
 11809 | D:9      | Noticed a spectral centaur warrior
 11810 | D:9      | Noticed rlgrobin's ghost (novice NaFE)
 11813 | D:9      | Noticed a two-headed ogre
 11828 | D:9      | Killed a two-headed ogre
 11829 | D:9      | Reached XP level 11. HP: 67/79 MP: 0/0
 11829 | D:9      | Learned a level 5 spell: Iskenderun's Battlesphere
 11931 | D:9      | Reached ***** piety under Elyvilon
 12286 | D:9      | Reached skill level 9 in Spellcasting
 12721 | D:9      | Identified the +8 broad axe "Nisoc" {vorpal, Dex+5 Stlth-}
 12959 | D:9      | Noticed a boulder beetle
 13028 | D:9      | Killed a boulder beetle
 13425 | D:9      | Noticed a two-headed ogre
 13444 | D:9      | Killed a two-headed ogre
 13675 | D:9      | Noticed an orc sorcerer
 13676 | D:9      | Noticed a deep elf zephyrmancer
 13687 | D:9      | Killed an orc sorcerer
 13710 | D:9      | Killed a deep elf zephyrmancer
 13842 | D:9      | Noticed a deep elf zephyrmancer
 13850 | D:9      | Killed a deep elf zephyrmancer
 13851 | D:9      | Reached XP level 12. HP: 59/88 MP: 0/0
 13874 | D:9      | Reached skill level 10 in Spellcasting
 14085 | D:9      | Noticed a tengu warrior
 14093 | D:9      | Killed a tengu warrior
 14215 | D:9      | Identified the ring of Mosolom {rElec rPois rF- Str+2
                  | Stlth+}
 14221 | D:9      | Identified the +8 chain mail of a wizard's laboratory
                  | {Dex+2}
 14576 | D:10     | Entered Level 10 of the Dungeon
 14668 | D:10     | Found a staircase to the Lair.
 14798 | D:10     | Found a staircase to the Orcish Mines.
 14819 | D:10     | Reached skill level 10 in Dodging
 15118 | D:10     | Noticed a two-headed ogre
 15128 | D:10     | Killed a two-headed ogre
 15428 | D:11     | Noticed a boulder beetle
 15454 | D:11     | Killed a boulder beetle
 15455 | D:11     | Reached skill level 1 in Shields
 15638 | D:11     | Noticed an eight-headed hydra
 15652 | D:11     | Killed an eight-headed hydra
 15687 | D:11     | Noticed a boulder beetle
 15708 | D:11     | Killed a boulder beetle
 15848 | Lair:1   | Entered Level 1 of the Lair of Beasts
 16098 | Lair:1   | Reached XP level 13. HP: 94/94 MP: 0/0
 16098 | Lair:1   | Learned a level 5 spell: Alistair's Intoxication
 16155 | Lair:1   | Reached skill level 11 in Spellcasting
 16908 | Lair:1   | Reached skill level 10 in Fighting
 17394 | Lair:2   | Identified the ring of Hianna {Str+6 Int+3 Dex+5}
 17733 | Lair:2   | Noticed a six-headed hydra
 17741 | Lair:2   | Killed a seven-headed hydra
 18079 | Lair:3   | Noticed a seven-headed hydra
 18104 | Lair:3   | Reached skill level 5 in Shields
 18107 | Lair:3   | Killed a seven-headed hydra
 18148 | Lair:3   | Reached skill level 12 in Spellcasting
 18373 | Lair:3   | Reached XP level 14. HP: 103/103 MP: 0/0
 18422 | Lair:3   | Reached skill level 1 in Armour
 19007 | Lair:3   | Found a staircase to the Shoals.
 19084 | Lair:3   | Found a hole to the Spider Nest.
 19295 | Lair:4   | Reached skill level 10 in Invocations
 19978 | Lair:4   | Found a staircase to the Slime Pits.
 20443 | Lair:5   | Entered Level 5 of the Lair of Beasts
 20552 | Lair:5   | Reached skill level 13 in Spellcasting
 20622 | Lair:5   | Reached XP level 15. HP: 65/111 MP: 0/0
 20622 | Lair:5   | Learned a level 6 spell: Conjure Ball Lightning
 20952 | Lair:5   | Reached skill level 5 in Armour
 21065 | Lair:5   | Found a burning altar of Makhleb.
 21136 | Lair:5   | Found a gateway to Hell.
 21449 | Lair:5   | Noticed Rupert
 21475 | Lair:5   | Elyvilon protects you from harm!
 21487 | Lair:5   | Killed Rupert
 21935 | D:11     | Found a bloodstained altar of Trog.
 22442 | D:11     | HP: 5/113 [white ugly thing (45)]
 22779 | D:12     | Reached skill level 14 in Spellcasting
 23187 | D:12     | Reached XP level 16. HP: 108/120 MP: 0/0
 23429 | D:13     | Noticed Lodul
 23444 | D:13     | Killed Lodul
 23456 | D:13     | Noticed Azrael
 23471 | D:13     | Killed Azrael
 23495 | D:13     | Found Mahyurui's General Store.
 23627 | D:13     | Identified 2 scrolls of acquirement
 23630 | D:13     | Acquired the ring of Vanyrres {rElec rF+ rC+ Dex+4}
 23634 | D:13     | Acquired the +3 buckler of the Sun {rF- rC+ Dex+2}
 23776 | D:13     | Found a gate to the Vaults.
 24366 | D:14     | Noticed Kirke
 24374 | D:14     | Killed Kirke
 24501 | D:14     | Noticed Agnes
 24514 | D:14     | Killed Agnes
 24626 | D:14     | Noticed Frances
 24654 | D:14     | Killed Frances
 24833 | D:14     | Found Icitytiomn's General Store.
 25102 | D:15     | Entered Level 15 of the Dungeon
 25789 | D:15     | Reached XP level 17. HP: 112/127 MP: 0/0
 25789 | D:15     | Learned a level 7 spell: Orb of Destruction
 25816 | D:15     | Reached skill level 15 in Spellcasting
 26082 | D:15     | Found Plog's Antique Armour Boutique.
 26087 | D:15     | Bought a shiny helmet for 232 gold pieces
 26204 | D:15     | Found a staircase to the Depths.
 26440 | Orc:1    | Entered Level 1 of the Orcish Mines
 26440 | Orc:1    | Noticed Jorgrun
 26685 | D:10     | Killed Jorgrun
 27075 | Orc:2    | Entered Level 2 of the Orcish Mines
 27190 | Orc:2    | Reached ****** piety under Elyvilon
 27519 | Orc:2    | Paralysed by an orc sorcerer for 4 turns
 27863 | Orc:2    | Found a staircase to the Elven Halls.
 27993 | Orc:2    | Found Imnepnarch's Antique Armour Emporium.
 27994 | Orc:2    | Found Umuof's Antique Weapon Emporium.
 27996 | Orc:2    | Found Culabum's General Store.
 27996 | Orc:2    | Found Kiubreel's Book Shoppe.
 28002 | Orc:2    | Bought a crystal trident for 289 gold pieces
 28002 | Orc:2    | Identified the +8 trident of Exquisite Torment {flame, Fly}
                  | (You bought it in a shop on level 2 of the Orcish Mines)
 28012 | Orc:2    | Bought a scroll of identify for 30 gold pieces
 28012 | Orc:2    | Bought a scroll of teleportation for 45 gold pieces
 28194 | Elf:1    | Entered Level 1 of the Elven Halls
 28326 | Elf:1    | Found Siah's Armour Shop.
 28393 | Elf:1    | Bought the +1 kite shield "Dutsiy" {SInv} for 310 gold
                  | pieces
 28715 | Elf:1    | Was placed under penance by Elyvilon
 28908 | Elf:1    | Acquired the +0 helmet of Zin's Anger {+Blink rN+ Dex-3
                  | SInv}
 29595 | Elf:2    | Reached XP level 18. HP: 135/135 MP: 0/0
 29805 | Elf:1    | Reached skill level 10 in Armour
 29911 | Elf:2    | Reached skill level 16 in Spellcasting
 30146 | Elf:2    | Found Juolopp's Antique Weapon Shoppe.
 30483 | Elf:2    | Was forgiven by Elyvilon
 30521 | Elf:2    | Found a runed translucent gate.
 30521 | Elf:2    | Found a runed translucent gate.
 30521 | Elf:2    | Found a runed translucent gate.
 30731 | Elf:2    | Noticed a deep elf blademaster
 30737 | Elf:2    | Killed a deep elf blademaster
 30745 | Elf:2    | HP: 5/136 [+2 vorpal dire flail (8)]
 30865 | Elf:2    | Acquired a manual of Shields
 31380 | Elf:3    | Entered Level 3 of the Elven Halls
 31452 | Elf:3    | Found Jiadicuh's Magic Scroll Shop.
 31456 | Elf:3    | Found Memeg's Antique Weapon Emporium.
 31469 | Elf:3    | Bought an iridescent great sword for 287 gold pieces
 31469 | Elf:3    | Identified the +11 great sword "ETAOIN SHRDLU" {spect, rF-
                  | rN++} (You bought it in a shop on level 3 of the Elven
                  | Halls)
 31860 | Elf:3    | Bought a scroll of identify for 34 gold pieces
 31860 | Elf:3    | Bought a scroll of identify for 34 gold pieces
 31860 | Elf:3    | Bought a scroll of acquirement for 884 gold pieces
 31860 | Elf:3    | Acquired a manual of Armour
 32124 | Elf:3    | Noticed a deep elf master archer
 32125 | Elf:3    | Noticed a deep elf blademaster
 32131 | Elf:3    | Identified the +0 plate armour of the Frog {rF+ rCorr}
 32277 | Elf:3    | Killed a deep elf master archer
 32278 | Elf:3    | Reached skill level 15 in Fighting
 32324 | Elf:3    | Reached XP level 19. HP: 101/143 MP: 0/0
 32324 | Elf:3    | Learned a level 6 spell: Death Channel
 32407 | Elf:3    | Killed a deep elf blademaster
 32499 | Elf:3    | Identified the +1 plate armour of the Chupacabra {Stlth+}
 32590 | Elf:3    | Identified the +10 great sword of Imbalance {pain, rF+
                  | Will- Str+6}
 32593 | Elf:3    | Identified the +0 leather armour of Voing {Int+3}
 32616 | Elf:3    | Noticed a deep elf blademaster
 32621 | Elf:3    | Killed a deep elf blademaster
 32687 | Elf:3    | Identified the amulet of Attitude {Reflect rElec rC++
                  | Regen+ SH+5}
 32688 | Abyss:2  | Cast into level 2 of the Abyss (a deep elf sorcerer)
 32689 | Abyss:2  | Found a corrupted altar of Lugonu.
 32834 | Abyss:2  | HP: 8/185 [??? (5)]
 32839 | Abyss:2  | HP: 7/185 [??? (5)]
 32908 | Abyss:2  | Found a corrupted altar of Lugonu.
 32936 | Abyss:2  | Acquired 901 gold pieces
 33162 | Abyss:2  | Gained mutation: Your mind is acute. (Int +4, Str/Dex -1)
                  | [potion of mutation]
 33344 | Elf:3    | Escaped the Abyss
 33397 | Elf:3    | Identified the +0 broad axe of Zeuff {holy, +Blink rElec
                  | rPois Str-4}
 33403 | Elf:3    | Identified the +0 swamp dragon scales of Discretion {rElec
                  | rPois}
 33772 | Spider:1 | Entered Level 1 of the Spider Nest
 33825 | Spider:1 | Reached skill level 17 in Spellcasting
 33877 | Spider:1 | Reached skill level 1 in Evocations
 34974 | Spider:2 | Reached skill level 10 in Shields
 35633 | Spider:2 | Noticed Arachne
 35647 | Spider:2 | Killed Arachne
 35971 | Spider:2 | Reached XP level 20. HP: 144/151 MP: 0/0
 36100 | Spider:3 | Noticed Nikola
 36128 | Spider:3 | Killed Nikola
 37448 | Spider:4 | Entered Level 4 of the Spider Nest
 37515 | Spider:4 | Reached skill level 5 in Evocations
 38085 | Spider:4 | Reached skill level 18 in Spellcasting
 38193 | Spider:4 | Found the +3 hat of Pondering {ponderous, Will+ MP+10
                  | Int+5}
 38215 | Spider:4 | Got a gossamer rune of Zot
 38560 | Shoals:1 | Entered Level 1 of the Shoals
 38566 | Shoals:1 | Noticed Louise
 38681 | Shoals:1 | Killed Louise
 39145 | Shoals:1 | Noticed Mlioglotl
 39150 | Shoals:1 | Killed Mlioglotl
 39152 | Shoals:1 | Reached XP level 21. HP: 131/158 MP: 0/0
 39152 | Shoals:1 | Learned a level 8 spell: Borgnjor's Revivification
 39613 | Shoals:2 | Noticed Ilsuiw
 39617 | Shoals:2 | Killed Ilsuiw
 40081 | Shoals:2 | Noticed Polyphemus
 40088 | Shoals:2 | Killed Polyphemus
 41459 | Shoals:4 | Entered Level 4 of the Shoals
 41761 | Shoals:4 | Got a barnacled rune of Zot
 42600 | Shoals:4 | Upgraded the game from 0.29.1-1-gd02db6906a to
                  | 0.29.1-2-gbd0b4ee654
 42800 | Vaults:1 | Entered Level 1 of the Vaults
 42988 | Vaults:1 | Reached skill level 19 in Spellcasting
 42988 | Vaults:1 | Reached XP level 22. HP: 91/167 MP: 0/0
 44301 | Vaults:2 | Found a staircase to the Crypt.
 44301 | Vaults:2 | Noticed Margery
 44326 | Vaults:2 | Killed Margery
 44327 | Vaults:2 | Reached skill level 15 in Shields
 44740 | Vaults:2 | Found Amu Odas's General Store.
 44954 | Vaults:2 | Paralysed by a great orb of eyes for 4 turns
 45147 | Vaults:2 | Noticed Frederick
 45169 | Vaults:2 | Killed Frederick
 45660 | Vaults:3 | Noticed Zenata
 45770 | Vaults:3 | Reached skill level 10 in Evocations
 45770 | Vaults:3 | Reached XP level 23. HP: 165/175 MP: 0/0
 45770 | Vaults:3 | Learned a level 8 spell: Lehudib's Crystal Spear
 46222 | Vaults:2 | Found a staircase to the Crypt.
 46655 | Vaults:2 | Killed Zenata
 46762 | Vaults:2 | Found Amu Odas's General Store.
 47166 | Vaults:3 | Found Xosahing's Book Emporium.
 48343 | Vaults:4 | Paralysed by a great orb of eyes for 5 turns
 48362 | Vaults:4 | Reached skill level 20 in Spellcasting
 48542 | Vaults:4 | Noticed Bai Suzhen
 48549 | Vaults:4 | Killed Bai Suzhen
 49649 | Vaults:5 | Entered Level 5 of the Vaults
 49653 | Vaults:5 | Reached XP level 24. HP: 76/183 MP: 0/0
 50171 | Vaults:5 | Noticed a dread lich
 50270 | Vaults:5 | Noticed a dread lich
 50396 | Vaults:4 | Paralysed by a dread lich for 5 turns
 50607 | Vaults:4 | Paralysed by a dread lich for 3 turns
 50613 | Vaults:4 | Killed a dread lich
 50977 | Vaults:5 | Identified the +6 battleaxe of Salt {antimagic, Will+ Int-5
                  | Stlth+}
 51208 | Vaults:5 | Found Lenoir's Armour Shoppe.
 51726 | Vaults:5 | Noticed an ancient lich
 51729 | Vaults:5 | Killed a dread lich
 51733 | Vaults:5 | Killed an ancient lich
 51734 | Vaults:5 | Reached skill level 21 in Spellcasting
 52153 | Vaults:5 | Identified the +0 scale mail "Jekeisa" {Harm rPois rCorr
                  | Stlth-}
 52265 | Vaults:5 | Got a silver rune of Zot
 52520 | Depths:1 | Entered Level 1 of the Depths
 52520 | Depths:1 | Found a huge runed gate.
 52520 | Depths:1 | Found a huge runed gate.
 52520 | Depths:1 | Found a huge runed gate.
 52520 | Depths:1 | Found a huge runed gate.
 52520 | Depths:1 | Found a huge runed gate.
 52520 | Depths:1 | Found a huge runed gate.
 52520 | Depths:1 | Found a huge runed gate.
 52520 | Depths:1 | Found a huge runed gate.
 52520 | Depths:1 | Found a huge runed gate.
 52520 | Depths:1 | Found a huge runed gate.
 52749 | Depths:1 | Reached skill level 15 in Armour
 52762 | Depths:1 | Gained mutation: Your spells are a little easier to cast,
                  | but a little less powerful. [a neqoxec]
 52768 | Depths:1 | Reached XP level 25. HP: 72/191 MP: 0/0
 52768 | Depths:1 | Learned a level 9 spell: Fire Storm
 53026 | Depths:1 | Found the +10 tower shield of Ignorance {rN+ Int-4}
 53061 | Depths:1 | Found a one-way gate to the infinite horrors of the Abyss.
 53129 | Depths:1 | Found a one-way gateway to a ziggurat.
 53250 | Depths:1 | Found a huge runed gate.
 53251 | Depths:1 | Found a huge runed gate.
 53252 | Depths:1 | Found a huge runed gate.
 53253 | Depths:1 | Found a huge runed gate.
 53254 | Depths:1 | Found a huge runed gate.
 53255 | Depths:1 | Found a huge runed gate.
 53256 | Depths:1 | Found a huge runed gate.
 53259 | Depths:1 | Found a huge runed gate.
 53259 | Depths:1 | Found a huge runed gate.
 53328 | Depths:1 | Found a huge runed gate.
 53328 | Depths:1 | Identified the +3 leather armour of Greed {Drain rF++}
 53329 | Depths:1 | Found a huge runed gate.
 53332 | Depths:1 | Found a huge runed gate.
 53332 | Depths:1 | Found a huge runed gate.
 53333 | Depths:1 | Found a huge runed gate.
 53339 | Depths:1 | Found a huge runed gate.
 53339 | Depths:1 | Found a huge runed gate.
 53340 | Depths:1 | Found a huge runed gate.
 53341 | Depths:1 | Found a huge runed gate.
 53349 | Depths:1 | Found a huge runed gate.
 53349 | Depths:1 | Found a huge runed gate.
 53349 | Depths:1 | Found a huge runed gate.
 53349 | Depths:1 | Found a huge runed gate.
 53349 | Depths:1 | Found a huge runed gate.
 53349 | Depths:1 | Found a huge runed gate.
 53350 | Depths:1 | Found a huge runed gate.
 53351 | Depths:1 | Found a huge runed gate.
 53379 | Depths:1 | Noticed a juggernaut
 53387 | Depths:1 | Killed a juggernaut
 54197 | Depths:2 | Noticed Mara
 54216 | Depths:2 | Killed Mara
 54397 | Depths:2 | Found a one-way gate leading to the halls of Pandemonium.
 54623 | Depths:2 | Gained mutation: Potions are less effective at restoring
                  | your health. [a shining eye]
 54940 | Depths:2 | Identified the +7 battleaxe "Djinni's Peril" {flame, *Slow
                  | rN+ Int+4}
 54947 | Depths:2 | Identified the ring of Ymetac {Wiz rF- rC++ Int+4 SInv}
 55445 | Depths:3 | Reached XP level 26. HP: 128/200 MP: 0/0
 56018 | Depths:3 | Reached skill level 22 in Spellcasting
 56400 | Depths:4 | Entered Level 4 of the Depths
 56661 | Depths:4 | Identified the +0 ring mail of Parts Unknown {rElec}
 56756 | Depths:4 | Found a bloodstained altar of Trog.
 56765 | Depths:4 | Identified the ring of Ferig {rPois rN+ Str+3 Dex+6 SInv}
 56779 | Depths:4 | Acquired a manual of Armour
 56890 | Depths:4 | Found Pykh's Antique Armour Shop.
 56996 | Depths:4 | Paralysed by a floating eye for 4 turns
 57034 | Depths:4 | Paralysed by a floating eye for 2 turns
 57084 | Depths:4 | Gained mutation: You occasionally lose the ability to read
                  | scrolls when taking damage. [a neqoxec]
 57127 | Depths:4 | Reached XP level 27. HP: 207/207 MP: 0/0
 57127 | Depths:4 | Learned a level 9 spell: Chain Lightning
 57128 | Depths:4 | Lost mutation: You occasionally lose the ability to read
                  | scrolls when taking damage. [potion of mutation]
 57128 | Depths:4 | Lost mutation: Potions are less effective at restoring your
                  | health. [potion of mutation]
 57128 | Depths:4 | Lost mutation: Your mind is acute. (Int +4, Str/Dex -1)
                  | [potion of mutation]
 57128 | Depths:4 | Gained mutation: You are agile. (Dex +4, Str/Int -1)
                  | [potion of mutation]
 57128 | Depths:4 | Gained mutation: You have a pair of small horns on your
                  | head. [potion of mutation]
 57129 | Depths:4 | Lost mutation: You have a pair of small horns on your head.
                  | [potion of mutation]
 57129 | Depths:4 | Lost mutation: You are agile. (Dex +4, Str/Int -1) [potion
                  | of mutation]
 57129 | Depths:4 | Lost mutation: Your spells are a little easier to cast, but
                  | a little less powerful. [potion of mutation]
 57129 | Depths:4 | Gained mutation: Your flesh is almost immune to the effects
                  | of heat. (rF+++) [potion of mutation]
 57129 | Depths:4 | Gained mutation: You have a pair of small horns on your
                  | head. [potion of mutation]
 57129 | Depths:4 | Gained mutation: You are frail. (-10% HP) [potion of
                  | mutation]
 57129 | Depths:4 | Gained mutation: Your muscles are strong. (Str +4, Int/Dex
                  | -1) [potion of mutation]
 57130 | Depths:4 | Lost mutation: You have a pair of small horns on your head.
                  | [potion of mutation]
 57130 | Depths:4 | Lost mutation: Your muscles are strong. (Str +4, Int/Dex
                  | -1) [potion of mutation]
 57130 | Depths:4 | Lost mutation: You are frail. (-10% HP) [potion of
                  | mutation]
 57466 | Depths:4 | Found a gate to the Realm of Zot.
 58147 | Slime:1  | Entered Level 1 of the Pits of Slime
 59251 | Slime:5  | Entered Level 5 of the Pits of Slime
 59315 | Slime:5  | Noticed the Royal Jelly
 59319 | Slime:5  | Paralysed by a floating eye for 3 turns
 59594 | Slime:5  | Killed the Royal Jelly
 59653 | Slime:5  | Found the +13 scythe of Curses {drain, Drain}
 59655 | Slime:5  | Found the +3 greatsling "Punk" {acid, rCorr}
 59670 | Slime:5  | Identified the +2 scale mail "Nenweodo" {*Slow Str+4}
 59676 | Slime:5  | Found the +5 robe of Night {Dark Will+ SInv}
 59686 | Slime:5  | Found the +7 Spriggan's Knife {stab, EV+4 Stlth+}
 59762 | Slime:5  | Got a slimy rune of Zot
 59829 | Slime:5  | Gained mutation: You possess an exceptional clarity of
                  | mind. [mutagenic glow]
 59990 | Slime:5  | Lost mutation: You possess an exceptional clarity of mind.
                  | [a shining eye]
 61104 | Crypt:1  | Entered Level 1 of the Crypt
 61151 | Crypt:1  | Identified the ring "Mabol" {Ice rCorr Dex+2}
 61151 | Crypt:1  | Noticed Josephina
 61158 | Crypt:1  | Killed Josephina
 61337 | Crypt:1  | Noticed Donald
 61344 | Crypt:1  | Killed Donald
 61534 | Crypt:1  | Identified the +2 robe of Kuinoat {Drain rPois rCorr
                  | Stlth+}
 61874 | Crypt:2  | Reached skill level 23 in Spellcasting
 62244 | Crypt:2  | Found a magical portal.
 62385 | Crypt:2  | Noticed Boris
 62390 | Crypt:2  | Killed Boris
 62828 | Crypt:3  | Entered Level 3 of the Crypt
 63173 | Crypt:3  | Identified the ring "Coly" {rN+ Int+7}
 63173 | Crypt:3  | Identified the ring "Ziloin" {rN+ Dex+4}
 63173 | Crypt:3  | Identified the ring "Seibellu" {rPois rN+ Int+4}
 63349 | Crypt:3  | Found a staircase to the Tomb.
 64032 | Crypt:3  | Noticed an ancient lich
 64037 | Crypt:3  | Killed an ancient lich
 64037 | Crypt:3  | Noticed an ancient lich
 64044 | Crypt:3  | Killed an ancient lich
 64057 | Crypt:3  | Noticed Boris
 64064 | Crypt:3  | Killed Boris
 64071 | Crypt:3  | Noticed a dread lich
 64075 | Crypt:3  | Killed a dread lich
 64574 | Tomb:1   | Entered Level 1 of the Tomb of the Ancients
 65459 | Tomb:2   | Noticed a royal mummy
 65465 | Tomb:2   | Noticed a royal mummy
 65472 | Tomb:1   | Killed a royal mummy
 65538 | Tomb:2   | Noticed a royal mummy
 65538 | Tomb:2   | Noticed a royal mummy
 65550 | Tomb:2   | Killed a royal mummy
 65551 | Tomb:2   | Killed a royal mummy
 65556 | Tomb:2   | Killed a royal mummy
 66382 | Tomb:3   | Entered Level 3 of the Tomb of the Ancients
 66400 | Tomb:3   | Noticed a royal mummy
 66400 | Tomb:3   | Noticed a royal mummy
 66404 | Tomb:3   | Killed a royal mummy
 66405 | Tomb:3   | Reached skill level 24 in Spellcasting
 66405 | Tomb:3   | Killed a royal mummy
 66411 | Tomb:3   | Noticed a royal mummy
 66412 | Tomb:3   | Found the ring of Shadows {Umbra +Inv Stlth+}
 66489 | Tomb:3   | Noticed a royal mummy
 66492 | Tomb:3   | Noticed a royal mummy
 66493 | Tomb:3   | Noticed a royal mummy
 66495 | Tomb:3   | Killed a royal mummy
 66497 | Tomb:3   | HP: 4/211 [death scarab (16)]
 66497 | Tomb:3   | Elyvilon protects you from harm!
 66497 | Tomb:3   | Elyvilon protects you from harm!
 66497 | Tomb:3   | HP: 1/211 [emperor scorpion[a royal mummy] (2)]
 66498 | Tomb:3   | Noticed a royal mummy
 66498 | Tomb:3   | Noticed a royal mummy
 66501 | Tomb:3   | Elyvilon protects you from harm!
 66501 | Tomb:3   | Demolished by a mummy priest

Illustrated notes

Levels and vault maps discovered:
D:1:      dpeg_arrival_three_smaller_balls, layout_loops_ring, serial_shops,
          nicolae_square_shop, dreamdust_ecumenical_altar_grove, hex_large
D:2:      layout_loops_ring, uniq_robin
D:3:      layout_rooms, elyvilon_altar_1, gammafunk_ghost_arena,
          minmay_misc_feat_hallway, uniq_terence
D:4:      cheibrodos_pilgrimage, layout_basic, nicolae_sif_muna_little_library,
          chequers_temple_overflow_statue_of_worship, minmay_temple_entry_tees,
          minmay_hedge_maze
D:5:      kennysheep_spiral_hall, layout_cave_pools,
          mainiacjoe_overflow_brackets, corexii_corridor_pit
D:6:      layout_cave_pools, minivault_27
D:7:      layout_cave_pools, fedhas_altar_4, minmay_chambers_of_fives
D:8:      layout_gridville, marbit_many_paths
D:9:      minmay_the_grid_4x2 [minmay_the_grid_plusring,
          minmay_the_grid_zigzag_pyramid, minmay_the_grid_small_cups,
          minmay_the_grid_tri_star, minmay_the_grid_rooms,
          minmay_the_grid_box_x, minmay_the_grid_minigrid_small,
          minmay_the_grid_prize_diamond_cup], layout_basic,
          nicolae_tso_carved_into_rock, old_standard_altar,
          kennysheep_slug_shrine, gammafunk_ghost_necromancy,
          kennysheep_generic_room_8
D:10:     layout_cave_pools, lair_entry_dummy,
          kennysheep_orc_monster_closet_entryway, item_on_display_a
D:11:     layout_irregular_city, grunt_ministairs_5, david_defended_altar_orc
D:12:     layout_long_grid
D:13:     layout_roguey, erik_vaults_2, serial_shops, nicolae_shop_waterfront,
          uniq_azrael, uniq_lodul
D:14:     layout_basic, serial_shops, nicolae_shop_trees, serial_park_tiny_pond,
          uniq_kirke, uniq_frances, uniq_agnes
D:15:     grunt_enter_depths_magical_seal, layout_small_grid, serial_shops,
          nicolae_shop_competitors_out_of_business, minmay_misc_feat_ornament
Lair:1:   layout_long_grid, grunt_megastairs_4, lemuel_fruit_fields
Lair:2:   layout_loops_ring
Lair:3:   cheibrodos_lair_overgrown_chateau, layout_chaotic_city,
          minmay_shoals_entry_lonely_mermaid, nicolae_spider_entry_non_spiders,
          amcnicky_mini_pool_medium
Lair:4:   layout_hall_layers, slime_entry_1
Lair:5:   evil_forest, layout_loops_ring, infiniplex_staircase_pool_2,
          uniq_rupert
Shoals:1: layout_shoals, nicolae_shoals_wave_tunnel, uniq_mlioglotl, uniq_louise
Shoals:2: layout_shoals, uniq_ilsuiw, uniq_polyphemus
Shoals:3: layout_shoals
Shoals:4: shoals_end_hangedman, layout_shoals
Spider:1: layout_spider_delve, nicolae_spider_rock_and_or_roll
Spider:2: layout_chambers, drop_trap, nicolae_spider_twisty_arc_passages,
          uniq_arachne
Spider:3: layout_chambers, nicolae_spider_moth_buddies, uniq_nikola
Spider:4: grunt_spider_rune_circles
Slime:1:  layout_caves
Slime:2:  layout_caves
Slime:3:  cheibrodos_slime_lost_civilization_10, layout_caves,
          nicolae_slime_barrier, amcnicky_altar_lugonu_corruption
Slime:4:  cheibrodos_slime_lost_civilization_2, layout_caves
Slime:5
Orc:1:    layout_caves, uniq_jorgrun
Orc:2:    st_orc_congregation, layout_diamond_mine, mines2_david
Elf:1:    nicolae_elf_arrival_fired_up, layout_geoelf_octagon, serial_shops,
          shop_fountains, hangedman_elf_represent
Elf:2:    nicolae_elf_blades_splatter_lattice
          [nicolae_blade_entry_floor_patterns], layout_loops_ring, serial_shops,
          shop
Elf:3:    elf_hall_gauntlet_wide, layout_geoelf_octagon,
          nicolae_wooded_promenade, dk_noncrumbling_2
Vaults:1: nicolae_vaults_display_case, hangedman_vaults_stretched_pinwheel,
          vaults_mumra_lcd, grunt_vaults_twisty, vaults_room_grid,
          nicolae_vaults_sealed_display, hangedman_vaults_stream,
          nicolae_vaults_triangles, nicolae_vaults_shelves_hall,
          layout_vaults_omnibox
Vaults:2: hangedman_vaults_impose, v_misc_33, nicolae_vaults_gold_heap,
          v_misc_33, v_misc_18, nicolae_vaults_little_squares_6,
          nicolae_vaults_little_squares_4, minmay_crypt_entry_simple_statues,
          v_misc_1, nicolae_vaults_angled_halls, grunt_vaults_funnel,
          ontoclasm_vaults_eye, layout_vaults_ring, serial_shops, shop,
          uniq_frederick, uniq_margery
Vaults:3: vaults_mumra_hexcomb, nicolae_vaults_little_squares_1,
          hangedman_vaults_nails, ontoclasm_vaults_loading_screen,
          layout_vaults_omnigrid, serial_shops, shop_statue, uniq_zenata
Vaults:4: hangedman_vaults_capsules, nicolae_vaults_little_squares_5,
          vaults_mumra_chevron_long, v_misc_25, v_misc_30,
          ontoclasm_vaults_chip, nicolae_vaults_angled_halls,
          nicolae_vaults_little_squares_4, v_misc_24, ontoclasm_vaults_chip,
          vaults_standard_mumra_x, nicolae_vaults_little_squares_4, v_rooms_1,
          nicolae_vaults_c_with_doors, layout_vaults_big_room,
          serial_hangedman_research, hangedman_research_convocations,
          hangedman_research_metamorphosis, uniq_bai_suzhen
Vaults:5: serial_shops
Crypt:1:  layout_rooms, feat_on_display, uniq_josephina, uniq_donald
Crypt:2:  layout_regular_city, infiniplex_enter_wizlab_spiral,
          chequers_big_river, uniq_boris
Crypt:3:  quadcrypt_mu
Tomb:1
Tomb:2
Tomb:3
Depths:1: layout_basic, enter_ziggurat_e, grunt_decor_cap,
          grunt_hell_entry_demonic_statue, abyss_entry_small_statue_room,
          door_vault, serial_bayou_shore_b
Depths:2: grunt_arcs, layout_small_grid, pan_entry,
          nicolae_abyss_entry_one_way_or_another, hell_entry, uniq_mara
Depths:3: minmay_bloctagon, layout_gridlike, abyss_entry, pf_coc_iceberg,
          chequers_serial_rivers_large_b, infiniplex_staircase_9_rooms
Depths:4: evilmike_zot_entry_hall, layout_cave_shapes, pf_hell_entry_tar_spiral,
          rand_demon_pan_entry_8, serial_shops, nicolae_shop_crystal,
          hangedman_abyss_or_decor_lesser_grid, evilmike_spriggan_trog_shrine

Skill      XL: |  1  2  3  4  5  6  7  8  9 10 11 12 13 14 15 16 17 18 19 20 21 22 23 24 25 26 27 |
---------------+----------------------------------------------------------------------------------+-----
Fighting       | 1 2 3 4 6 7 8 9 10 11 12 13 14 15 16 17 18 19 20 22 | 22.1
Dodging        | 3 4 5 6 7 8 9 10 11 12 13 | 13.4
Spellcasting   | 4 5 6 7 8 9 10 12 13 14 15 16 17 18 19 20 21 22 24 | 24.1
Invocations    | 1 3 5 6 8 9 10 11 12 13 14 | 14.2
Shields        | 2 5 7 10 12 14 15 17 | 17.5
Armour         | 4 6 8 9 10 11 13 15 16 17 21 | 21.3
Evocations     | 3 6 8 10 11 12 13 | 13.0
Stealth        | |  1.5

Action                   |  1- 3 |  4- 6 |  7- 9 | 10-12 | 13-15 | 16-18 | 19-21 | 22-24 | 25-27 || total
-------------------------+-------+-------+-------+-------+-------+-------+-------+-------+-------++-------
Melee: Whip              |    12 |     2 |     4 |       |       |       |       |       |       ||    18
       Punch             |     1 |       |       |       |       |       |       |       |       ||     1
       Trident           |       |       |       |     9 |       |       |       |       |       ||     9
       Broad axe         |       |       |       |    14 |   465 |   307 |   167 |    23 |    25 ||  1001
 Cast: Freeze            |    21 |    17 |    57 |   194 |   157 |    30 |     6 |     3 |     1 ||   486
       Shock             |    21 |    90 |   193 |   328 |   156 |   107 |       |     4 |       ||   899
       Frozen Ramparts   |       |     1 |     3 |    19 |    76 |    36 |       |       |       ||   135
       Ozocubu's Armour  |       |     1 |       |     7 |    21 |    18 |     4 |       |     1 ||    52
       Call Canine Famil |       |       |     2 |    22 |    24 |    22 |     5 |     2 |     1 ||    78
       Static Discharge  |       |       |     1 |     1 |    10 |    27 |   128 |    10 |    61 ||   238
       Iskenderun's Batt |       |       |       |     3 |     3 |     1 |       |       |       ||     7
       Hailstorm         |       |       |       |       |    37 |    71 |    94 |    48 |    16 ||   266
       Conjure Ball Ligh |       |       |       |       |       |    45 |    41 |    47 |    17 ||   150
       Orb of Destructio |       |       |       |       |       |   100 |   415 |   389 |   547 ||  1451
       Lehudib's Crystal |       |       |       |       |       |       |       |    58 |   344 ||   402
       Fire Storm        |       |       |       |       |       |       |       |       |    27 ||    27
       Chain Lightning   |       |       |       |       |       |       |       |       |    25 ||    25
Invok: Heal Self         |       |       |     1 |     3 |    18 |     7 |     7 |    10 |    11 ||    57
       Heal Other        |       |       |       |    12 |     1 |       |     1 |       |       ||    14
       Divine Vigour     |       |       |       |       |     1 |       |     2 |       |     2 ||     5
       Purification      |       |       |       |       |       |       |     2 |     2 |       ||     4
 Abil: Evoke Blink       |       |       |       |       |       |       |    10 |    35 |     3 ||    48
  Use: Scroll            |       |       |       |       |       |    37 |     4 |     9 |    20 ||    70
       Potion            |       |       |       |       |       |     1 |     9 |       |    13 ||    23
 Stab: Sleeping          |     1 |       |       |       |     2 |       |       |       |       ||     3
       Distracted        |       |       |       |       |     2 |       |     1 |       |       ||     3
Armor: Robe              |     3 |     3 |    10 |       |       |       |       |       |       ||    16
       Steam dragon scal |       |       |    15 |    27 |       |       |       |       |       ||    42
       Troll leather arm |       |       |       |    14 |   132 |   109 |   114 |    49 |    67 ||   485
Dodge: Dodged            |    22 |    19 |    63 |   188 |   674 |   438 |   363 |   193 |   179 ||  2139
Block: Other             |       |       |    18 |    39 |       |       |       |       |       ||    57
       Reflection        |       |       |     2 |     3 |     1 |    28 |    44 |    67 |     9 ||   154
       Buckler           |       |       |       |    23 |   348 |   347 |   491 |   238 |    99 ||  1546
       Tower shield      |       |       |       |       |       |       |       |       |   293 ||   293
